 Dungeon Crawl Stone Soup version 0.31-a0-750-gfe7b580527 (webtiles) character file.

Game seed: 14507118183620161960

15122 Dirtsage the Cleaver (level 11, -4/87 HPs)
             Began as a Demonspawn Berserker on Sept 14, 2023.
             Was a High Priest of Trog.
             Killed from afar by an orc sorcerer (13 damage)
             ... with a bolt of fire
             ... while paralysed by an orc sorcerer
             ... on level 2 of the Orcish Mines.
             The game lasted 00:17:21 (10231 turns).

Dirtsage the Cleaver (Demonspawn Berserker)        Turns: 10231, Time: 00:17:21

Health: -4/87      AC: 18    Str: 22    XL:     11   Next: 97%
Magic:  11/11      EV:  2    Int:  8    God:    Trog [*****.]
Gold:   1133       SH:  0    Dex: 13    Spells: 10/10 levels left

rFire   . . .        J - +0 war axe
rCold   . . .        D - +0 kite shield
rNeg    . . .        Q - +3 chain mail
rPois   .            H - +0 helmet
rElec   .            u - +0 cloak
rCorr   .            C - +0 pair of gloves
SInv    +            F - +0 pair of boots
Will    .....        (no amulet) Stlth
                     E - +5 ring of evasion
HPRegen 0.34/turn    S - ring of see invisible
MPRegen 0.12/turn

%: no passive effects
@: paralysed, on berserk cooldown, slowed
A: hooves 2, large bone plates 3, ignite blood 2
a: Renounce Religion, Berserk, Trog's Hand, Brothers in Arms


You were on level 2 of the Orcish Mines.
You worshipped Trog.
Trog was extremely pleased with you.
You visited 3 branches of the dungeon, and saw 13 of its levels.

You collected 1133 gold pieces.

Inventory:

Hand Weapons
 A - a +2 hand axe
 J - a +0 war axe (weapon)
Missiles
 z - 2 throwing nets
 M - a curare-tipped dart
Armour
 f - a +0 chain mail
 m - the +0 leather armour "Witir" {rPois Str-5 Slay+5 Stlth+}
   (You found it on level 2 of the Dungeon)

   Str-5:     It affects your strength (-5).
   Slay+5:    It affects your accuracy & damage with ranged weapons and melee
   (+5).
   rPois:     It protects you from poison Stlth+: It makes you more stealthy.
 u - a +0 cloak (worn)
 C - a +0 pair of gloves (worn)
 D - a +0 kite shield (worn)
 F - a +0 pair of boots (worn)
 H - a +0 helmet (worn)
 N - +0 acid dragon scales
 Q - a +3 chain mail (worn)
Jewellery
 v - a ring of ice
 E - a +5 ring of evasion (left hand)
 G - a ring of flight
 I - a ring of protection from cold
 L - a ring of magical power
 S - a ring of see invisible (right hand)
Wands
 b - a wand of flame (30)
 y - a wand of acid (8)
 P - a wand of polymorph (6)
Scrolls
 c - a scroll of blinking {unknown}
 h - 4 scrolls of poison {unknown}
 i - a scroll of identify
 p - a scroll of enchant weapon {unknown}
 r - a scroll of immolation {unknown}
 s - 2 scrolls of enchant armour {unknown}
 t - a scroll of teleportation
 w - 2 scrolls of vulnerability {unknown}
 x - 2 scrolls of revelation {unknown}
 K - a scroll of amnesia {unknown}
 O - a scroll of fog {unknown}
Potions
 a - 2 potions of lignification {unknown}
 d - 2 potions of might
 e - 2 potions of brilliance
 g - 2 potions of enlightenment
 j - 3 potions of mutation
 k - 2 potions of attraction
 l - 2 potions of heal wounds
 n - a potion of resistance
 o - a potion of invisibility
 q - 3 potions of curing
 B - 4 potions of berserk rage


   Skills:
 + Level 8.4 Fighting
 * Level 12.4 Axes
 + Level 7.3 Armour
 - Level 1.7 Dodging
 * Level 8.7 Shields


You had 10 spell levels left.
You didn't know any spells.
Your spell library contained the following spells:

 Spells                   Type           Power      Damage    Failure   Level
 Necrotise                Necr           0%         1d4       99%         1
 Summon Small Mammal      Summ           0%         N/A       99%         1
 Blink                    Tloc           0%         N/A       100%        2
 Lesser Beckoning         Tloc           0%         N/A       100%        2
 Momentum Strike          Conj/Tloc      0%         3d8       100%        2
 Static Discharge         Conj/Air       0%         2-2/arc   100%        2
 Call Canine Familiar     Summ           0%         N/A       100%        3
 Summon Guardian Golem    Hex/Summ       0%         N/A       100%        3
 Airstrike                Air            0%         2d(0-16)  100%        4
 Manifold Assault         Tloc           0%         N/A       100%        4
 Petrify                  Tmut/Erth      0%         N/A       100%        4
 Summon Lightning Spire   Summ/Air       0%         N/A       100%        4
 Agony                    Necr           0%         N/A       100%        5
 Eringya's Noxious Bog    Tmut/Pois      0%         4d6       100%        6


Dungeon Overview and Level Annotations

Branches:
Dungeon (10/15)            Temple (1/1) D:5            Lair (0/5) D:8
    Orc (2/2) D:9             Elf (0/3) Orc:2

Altars:
Ashenzari
Cheibriados
Dithmenos
Fedhas
Gozag
Hepliaklqana
Kikubaaqudgha
Makhleb
Nemelex Xobeh
Okawaru
Qazlal
Ru
Sif Muna
Trog
Uskayaw
Vehumet
Wu Jian
Xom
Yredelemnul

Portals:
Abyss: D:7

Annotations:
D:7 2 transporters, WhatIsLove's ghost, novice HOMo
Orc:2 Donald


Innate Abilities, Weirdness & Mutations

You have hoof-like feet.
You are completely covered in large bone plates. (SH +8)
Your demonic aura often causes spilled blood to erupt in flames.


Message History

Donald is engulfed in blazing flames.
Donald says, "Like I always say, the jar is half empty."
Donald completely misses you.
An orc comes into view. It is wielding a +0 flail.
The orc sorcerer is engulfed in blazing flames.
The orc sorcerer casts a spell at you.
You suddenly lose the ability to move!
The orc wizard is engulfed in blazing flames.
You kill the orc wizard!
Trog accepts your kill.
Trog appreciates your killing of a magic user.
You are no longer berserk.
You feel yourself slow down.
Donald is engulfed in blazing flames.
Donald says, "Orcs complain a lot, don't they?
I hate it."
Donald hits you with a +2 long sword of holy wrath!!
You convulse.
* * * LOW HITPOINT WARNING * * *
An orc wizard comes into view. It is wielding a +0 dagger.
An orc priest comes into view. It is wielding a +2 dagger of pain.
An orc priest comes into view. It is wielding a +0 whip.
An orc wizard comes into view.
It is wielding a +0 dagger and wearing a +1 robe of positive energy.
The orc sorcerer is engulfed in blazing flames.
The orc sorcerer points at you and mumbles some strange words.
The bolt of fire hits you.
* * * LOW HITPOINT WARNING * * *
An orc wizard comes into view. It is wielding a +0 dagger.
Donald is engulfed in blazing flames.
Donald hits you with a +2 long sword of holy wrath!
* * * LOW HITPOINT WARNING * * *
You convulse.
* * * LOW HITPOINT WARNING * * *
The orange demon stings you from afar.
* * * LOW HITPOINT WARNING * * *
The orc wizard shouts! x2
Donald is engulfed in blazing flames.
Donald hits you but does no damage.
The orc wizard gestures wildly while chanting.
The orc wizard flickers and vanishes for a moment.
The orc sorcerer casts a spell at you. The bolt of fire hits you!
You die...

#.................
##.###............
##.####...........
###...##............
##......^............
#......##............
##.#..).##....<......
########))###...........
......)@o○...........<..
......)o@...............
.######o☼4######........


oo.... ##....... ......o. ##...... .#####.... #...... .. .o.. #...... .# o..
#...... You could see Donald (fast), an orange demon (summoned), an orc
sorcerer, 2 orc warriors, 2 orc priests and 3 orc wizards.

Vanquished Creatures
  Rupert (Orc:2)
  An orc high priest (Orc:1)
  Amaemon (D:9)
  Lodul (D:10)
  An orc knight (Orc:2)
  3 orc sorcerers
  A cyclops (Orc:1)
  An orange demon (D:9)
  Jeremiah (D:6)
  Psyche (D:8)
  A rime drake (D:8)
  2 kobold demonologists (D:9)
  An unseen horror zombie (D:10)
  3 trolls
  3 slime creatures (D:10)
  2 wyverns
  8 yaks
  2 wargs
  An acid dragon (D:9)
  2 water moccasins (D:7)
  A sky beast (D:7)
  10 orc warriors
  7 ice beasts
  3 wolves (D:8)
  12 ogres
  2 centaurs
  A phantom (D:5)
  5 bullfrogs
  A gnoll sergeant (D:6)
  5 kobold brigands
  2 scorpions (D:5)
  7 wights
  3 electric eels (D:8)
  3 howler monkeys
  4 hounds
  A jelly (D:6)
  6 orc priests
  3 gnoll boudas
  3 sleepcaps
  2 iguanas
  11 orc wizards
  A howler monkey zombie (D:10)
  18 gnolls
  10 adders
  A worm (D:5)
  4 dart slugs
  35 orcs
  6 ball pythons
  7 endoplasms
  7 goblins
  6 hobgoblins
  15 kobolds
  A quokka (D:1)
  6 bats
  3 frilled lizards
  6 rats
255 creatures vanquished.

Vanquished Creatures (others)
  An orc (Orc:2)
1 creature vanquished.

Grand Total: 256 creatures vanquished

Notes
Turn   | Place    | Note
-------+----------+-------------------------------------------
     0 | D:1      | Dirtsage the Demonspawn Berserker began the quest for the
                  | Orb.
     0 | D:1      | Reached XP level 1. HP: 18/18 MP: 1/1
   108 | D:1      | Reached skill level 3 in Axes
   276 | D:1      | Gained mutation: You are partially covered in large bone
                  | plates. (SH +4) [demonic ancestry]
   276 | D:1      | Reached XP level 2. HP: 20/24 MP: 2/2
   654 | D:2      | Reached XP level 3. HP: 29/29 MP: 3/3
   681 | D:2      | Reached skill level 4 in Axes
   711 | D:2      | Identified the +0 leather armour "Witir" {rPois Str-5
                  | Slay+5 Stlth+}
   944 | D:2      | Reached ** piety under Trog
  1310 | D:3      | Gained mutation: You have large cloven feet. [demonic
                  | ancestry]
  1310 | D:3      | Reached XP level 4. HP: 30/35 MP: 4/4
  1517 | D:3      | Noticed a golden eye
  1518 | D:3      | Found a faded altar of an unknown god.
  1521 | D:3      | Noticed a floating eye
  1553 | D:3      | Noticed a golden eye
  1567 | D:3      | Noticed a great orb of eyes
  1819 | D:3      | Found a hazy altar of Hepliaklqana.
  1964 | D:4      | Reached skill level 5 in Axes
  2249 | D:4      | Reached XP level 5. HP: 25/41 MP: 5/5
  2540 | D:5      | Entered Level 5 of the Dungeon
  2643 | D:5      | Reached skill level 6 in Axes
  2643 | D:5      | Gained mutation: You have hoof-like feet. [demonic
                  | ancestry]
  2643 | D:5      | Reached XP level 6. HP: 47/47 MP: 6/6
  2687 | D:5      | Found an iron altar of Okawaru.
  2762 | D:5      | Reached skill level 7 in Axes
  2899 | D:5      | Reached *** piety under Trog
  2973 | D:5      | Gained mutation: You are mostly covered in large bone
                  | plates. (SH +6) [demonic ancestry]
  2973 | D:5      | Reached XP level 7. HP: 52/52 MP: 7/7
  3021 | D:5      | Found a staircase to the Ecumenical Temple.
  3027 | Temple   | Entered the Ecumenical Temple
  3132 | D:5      | Identified the +3 long sword of Past Mistakes {heavy,
                  | +Blink Int+3}
  3557 | D:6      | Noticed Jeremiah
  3711 | D:6      | Killed Jeremiah
  3712 | D:6      | Reached skill level 8 in Axes
  3712 | D:6      | Gained mutation: Your demonic aura sometimes causes spilled
                  | blood to erupt in flames. [demonic ancestry]
  3712 | D:6      | Reached XP level 8. HP: 29/60 MP: 8/8
  4253 | D:6      | Reached skill level 5 in Fighting
  4619 | D:6      | Reached skill level 9 in Axes
  4675 | D:6      | Reached skill level 1 in Shields
  4926 | D:6      | Found a bloodstained altar of Trog.
  5264 | D:7      | Reached XP level 9. HP: 53/68 MP: 9/9
  5330 | D:7      | Found a one-way gate to the infinite horrors of the Abyss.
  5330 | D:7      | Noticed a brown ugly thing
  5331 | D:7      | Noticed WhatIsLove's ghost (novice HOMo)
  5333 | D:7      | Noticed an ancient zyme
  5348 | D:7      | Found a transporter.
  5389 | D:7      | Got the Compendium of the Unstable Undead
  5605 | D:7      | Reached **** piety under Trog
  5756 | D:7      | Found a transporter.
  6263 | D:8      | Noticed a rime drake
  6277 | D:8      | Killed a rime drake
  6421 | D:8      | Reached skill level 5 in Armour
  6504 | D:8      | Noticed Psyche
  6513 | D:8      | Killed Psyche
  6546 | D:8      | Reached skill level 10 in Axes
  6951 | D:8      | Found a staircase to the Lair.
  7051 | D:8      | Gained mutation: You are completely covered in large bone
                  | plates. (SH +8) [demonic ancestry]
  7051 | D:8      | Reached XP level 10. HP: 59/77 MP: 10/10
  7616 | D:9      | Reached skill level 5 in Shields
  8158 | D:9      | Noticed Amaemon
  8167 | D:9      | Noticed an orange demon
  8172 | D:9      | Killed Amaemon
  8173 | D:9      | Reached skill level 11 in Axes
  8182 | D:9      | Killed an orange demon
  8348 | D:9      | Found a staircase to the Orcish Mines.
  8467 | D:10     | Entered Level 10 of the Dungeon
  8742 | D:10     | Gained mutation: Your demonic aura often causes spilled
                  | blood to erupt in flames. [demonic ancestry]
  8742 | D:10     | Reached XP level 11. HP: 84/84 MP: 11/11
  9073 | D:10     | Found a basalt altar of Yredelemnul.
  9111 | D:10     | Noticed Lodul
  9131 | D:10     | Killed Lodul
  9360 | Orc:1    | Entered Level 1 of the Orcish Mines
  9397 | Orc:1    | Reached ***** piety under Trog
  9862 | Orc:2    | Entered Level 2 of the Orcish Mines
  9862 | Orc:2    | Noticed Rupert
  9862 | Orc:2    | Noticed an orc high priest
  9862 | Orc:2    | Noticed an orc sorcerer
  9864 | Orc:2    | Paralysed by Rupert for 2 turns
  9869 | Orc:2    | Noticed an orc knight
  9881 | Orc:1    | Killed an orc high priest
  9881 | Orc:1    | Killed an orc sorcerer
  9882 | Orc:1    | Reached skill level 12 in Axes
 10049 | Orc:2    | Found a staircase to the Elven Halls.
 10113 | Orc:2    | Killed an orc knight
 10117 | Orc:2    | Killed Rupert
 10200 | Orc:2    | Noticed an orc sorcerer
 10201 | Orc:2    | Noticed an orc sorcerer
 10206 | Orc:2    | Noticed a sixfirhy
 10211 | Orc:2    | Killed an orc sorcerer
 10213 | Orc:2    | Noticed an orc sorcerer
 10215 | Orc:2    | Noticed a sun demon
 10215 | Orc:2    | Noticed Donald
 10216 | Orc:2    | Killed an orc sorcerer
 10229 | Orc:2    | Paralysed by an orc sorcerer for 4 turns
 10231 | Orc:2    | Killed from afar by an orc sorcerer

Illustrated notes

Levels and vault maps discovered:
D:1:      dpeg_arrival_line_fractal, layout_rooms
D:2:      layout_rooms
D:3:      kb_forest_paths, layout_basic, nzn_hepliaklqana_mist_gate,
          hellmonk_ecumenical_altar_watching_god
D:4:      layout_loops_ring
D:5:      layout_loops_corners, mainiacjoe_overflow_cross_hatched,
          okawaru_ov_weapons_minmay, minmay_temple_entry_tees
D:6:      layout_basic, mainiacjoe_overflow_swirl, uniq_jeremiah
D:7:      layout_gridville, gammafunk_ghost_abyssal_escape
D:8:      layout_loops_cross, hellmonk_lair_entry_icy, serial_bayou,
          serial_bayou_shore_b, serial_bayou_pond_e, serial_bayou_lagoon_b,
          serial_bayou_shore_b, uniq_psyche
D:9:      layout_basic, orc_0_dummy, uniq_amaemon
D:10:     layout_roguey, lemuel_zombie_altar_yredelemnul,
          hangedman_decor_peaks_small, minivault_23, uniq_lodul
Temple:   regret_index_temple_sphere_string
Orc:1:    layout_diamond_mine
Orc:2:    st_orc_mages, layout_caves, uniq_rupert, uniq_donald

Skill      XL: |  1  2  3  4  5  6  7  8  9 10 11 |
---------------+----------------------------------+-----
Axes           | 3 4 5 6 7 8 9 10 11 12 | 12.4
Armour         | 2 3 4 5 6 7 |  7.3
Fighting       | 4 5 6 7 8 |  8.4
Shields        | 2 4 6 8 |  8.7
Dodging        | |  1.7

Action                     |  1- 3 |  4- 6 |  7- 9 | 10-12 || total
---------------------------+-------+-------+-------+-------++-------
  Melee: Hand axe          |    95 |   104 |   312 |    23 ||   534
         Kick              |       |    33 |    52 |       ||    85
         Punch             |       |     1 |     1 |       ||     2
         War axe           |       |       |       |   298 ||   298
  Throw: Throwing net      |       |       |     1 |       ||     1
 Invoke: Berserk           |       |     2 |     8 |     8 ||    18
  Evoke: Wand              |       |       |     3 |     1 ||     4
    Use: Scroll            |       |     7 |     2 |     5 ||    14
         Potion            |       |       |       |     2 ||     2
   Stab: Sleeping          |     7 |     7 |     2 |       ||    16
         Invisible         |       |       |       |     2 ||     2
 Armour: Animal skin       |    14 |       |       |       ||    14
         Chain mail        |    27 |       |   108 |    47 ||   182
         Leather armour    |     9 |    39 |    28 |       ||    76
         Acid dragon scale |       |       |       |    89 ||    89
  Dodge: Dodged            |    41 |    52 |   109 |   121 ||   323
  Block: Other             |    11 |    13 |    24 |       ||    48
         Kite shield       |       |       |   137 |   246 ||   383

Table legend: (Time is in decaauts)
 A = Elapsed time spent in this place.
 B = Non-inter-level travel time spent in this place.
 C = Inter-level travel time spent in this place.
 D = Time resting spent in this place.
 E = Time spent auto-exploring this place.
 F = Levels seen in this place.
 G = Mean time per level.
                   A        B        C        D        E       F      G
               +--------+--------+--------+--------+--------+-----+--------+
         Total |  10392 |   9934 |    458 |   1341 |   6835 |  13 |  799.4 |
       Dungeon |   9508 |   9123 |    385 |   1151 |   6440 |  10 |  950.8 |
        Temple |      1 |      1 |      0 |      0 |      0 |   1 |    1.0 |
  Orcish Mines |    882 |    810 |     72 |    190 |    395 |   2 |  441.0 |
               +--------+--------+--------+--------+--------+-----+--------+

Top non-repeatable levels by time:
     D:8: 1512 daAuts
     D:6: 1287 daAuts
     D:5: 1255 daAuts
     D:7: 1168 daAuts
    D:10: 866 daAuts
     D:9: 856 daAuts
     D:3: 823 daAuts
   Orc:1: 690 daAuts
     D:4: 681 daAuts
     D:2: 583 daAuts
     D:1: 472 daAuts
   Orc:2: 192 daAuts
  Temple: 1 daAuts
